AoeStats
← nero

Arabia

509736920Analyzed
1v1 RM · 6d ago on Sep 27, 2026· 32m 54s· 2 players
Game mode
Random Map
Map size
Tiny (2 player)
Population
200
Speed
Normal
Resources
Standard
Victory
Conquest
Starting age
Dark Age
Ending age
Imperial Age
RankedLock teamsTeams togetherTeam positionsShared explorationLock speedFull tech treeHidden civsTurbo modeCheats
Victory
Defeat
🇦🇷 Japanese · Argentina
1509
+16
🇨🇱 Saxons · Chile
1517
-16
pity
4:09 Loom
11:40 Feudal Age
11:58 Man-at-Arms
12:27 Double-Bit Axe
14:11 Arson
15:58 Fletching
18:55 Scale Mail Armor
21:42 Wheelbarrow
25:14 Castle Age
24:37 Forging
24:52 Padded Archer Armor
24:54 Gold Mining
25:38 Town Watch
25:18 Long Swordsman
26:14 Chain Mail Armor
25:31 Crossbowman
26:29 Bow Saw
26:20 Gambesons
26:36 Squires
28:17 Horse Collar
nero
7:28 Loom
9:44 Feudal Age
10:17 Double-Bit Axe
12:48 Stone Mining
15:52 Town Watch
18:22 Fletching
23:14 Padded Archer Armor
28:23 Castle Age
28:21 Scale Mail Armor
28:32 Elite Skirmisher
29:08 Bodkin Arrow
29:22 Crossbowman
29:51 Elite Skirmisher
30:20 Elite Skirmisher
Connection lost

Rejoining the realm…

Still unreachable

The connection could not be restored.

Session expired

The server has moved on; the page needs a fresh start.